 Dungeon Crawl Stone Soup version 0.26.1-11-gd32895ea62 (webtiles) character file.

Game seed: 13308256535573241777

571 karkarkar the Skirmisher (level 7, -2/61 HPs)
             Began as a Minotaur Berserker on Aug 3, 2021.
             Was a Believer of Trog.
             Killed by divine providence
             ... invoked by an orc priest
              (9 damage)
             ... on level 3 of the Dungeon on Aug 4, 2021.
             The game lasted 00:11:08 (3725 turns).

karkarkar the Skirmisher (Minotaur Berserker)       Turns: 3725, Time: 00:11:08

Health: -2/61      AC:  7    Str: 23    XL:     7   Next: 11%
Magic:  0/6        EV: 12    Int:  4    God:    Trog [**....]
Gold:   158        SH:  0    Dex: 10    Spells: 6/6 levels left

rFire    . . .     SeeInvis .   t - +0 hand axe (flame)
rCold    . . .     Faith    .   (no shield)
rNeg     . . .     Spirit   .   m - +0 ring mail {Will+}
rPois    .         Reflect  .   (helmet restricted)
rElec    .         Harm     .   i - +0 cloak
rCorr    .         Rampage  .   (no gloves)
Will     +++..                  (no boots)
Stlth    +.........             (no amulet)
HPRegen  1.20/turn              (no ring)
MPRegen  0.10/turn              (no ring)

@: regenerating
A: retaliatory headbutt, horns 2
a: Renounce Religion, Berserk, Trog's Hand


You were on level 3 of the Dungeon.
You worshipped Trog.
Trog was pleased with you.
You visited 1 branch of the dungeon, and saw 4 of its levels.

You collected 158 gold pieces.

Inventory:

Hand Weapons
 d - a +2 short sword of speed
 t - a +0 hand axe of flaming (weapon)
Armour
 i - a +0 cloak (worn)
 m - a +0 ring mail of willpower (worn)
Wands
 l - a wand of paralysis (5)
 v - a wand of polymorph (3)
Scrolls
 a - a scroll of amnesia {unknown}
 c - 2 scrolls of magic mapping
 f - 3 scrolls of remove curse
 g - 6 scrolls of identify
 n - a scroll of immolation {unknown}
 q - 2 scrolls of teleportation
 u - a scroll of fog {unknown}
Potions
 b - a potion of heal wounds
 e - a potion of degeneration {unknown}
 h - a potion of lignification {unknown}
 j - a potion of berserk rage {unknown}
 k - a potion of flight {unknown}
 o - 2 potions of curing {unknown}
 p - a potion of haste {unknown}
 r - a potion of magic {unknown}
 s - a potion of brilliance {unknown}


   Skills:
 + Level 5.6 Fighting
 + Level 4.2 Short Blades
 + Level 5.1 Axes
 + Level 5.0 Armour
 + Level 3.1 Dodging
 + Level 0.2 Stealth


You had 6 spell levels left.
You didn't know any spells.
Your spell library was empty.

Dungeon Overview and Level Annotations

Branches:
Dungeon (4/15)
 Temple: D:4-7

Altars:
Cheibriados
Fedhas


Innate Abilities, Weirdness & Mutations

You reflexively headbutt those who attack you in melee.
You have a pair of horns on your head.


Message History

The orc priest closely misses you.
You feel much better.
The orc warrior hits you with a +2 antimagic hand axe!
The orc priest closely misses you.
You closely miss the orc warrior. You completely miss the orc priest.
The orc warrior barely misses you. The orc priest barely misses you.
You barely miss the orc warrior. Your headbutt misses the orc warrior.
You closely miss the orc priest.
The orc warrior hits you with a +2 antimagic hand axe!
* * * LOW HITPOINT WARNING * * *
Okay, then.
The orc warrior hits you with a +2 antimagic hand axe!
* * * LOW HITPOINT WARNING * * *
You feel your power leaking away.
Your skin crawls.
You feel strong-willed. The orc priest closely misses you.
The orc priest mumbles some strange prayers to Beogh against you.
Beogh smites you!
You die...

......†...............#
#########...##........#####
##................#
####..>..........#
##########...........#####
#..........##.###.####
##.###########oo##.# ...#
##.##.########## .###
#.@#..........# ##
######............#
###########.......).........#
............#####...<.......#
##############.........#######
### ####...#####.#.......# ..#
#####....### #.###.....#
#.###.....#### #.# #.[...#
.)....##### #.# #.....#


You could see an orc warrior and an orc priest.

Vanquished Creatures
  Grinder (D:3)
  Sigmund (D:4)
  An orc priest (D:3)
  Ijyb (D:3)
  Natasha (twice) (D:3)
  5 adders
  2 adder skeletons (D:4)
  2 worms
  A dart slug (D:3)
  A leopard gecko (D:1)
  7 orcs
  2 bats (D:3)
  4 giant cockroaches
  5 goblins
  5 hobgoblins
  6 kobolds
  2 quokkas
  2 ball pythons (D:3)
  7 frilled lizards
  6 rats
63 creatures vanquished.

Notes
Turn   | Place    | Note
-------+----------+-------------------------------------------
     0 | D:1      | karkarkar the Minotaur Berserker began the quest for the
                  | Orb.
     0 | D:1      | Reached XP level 1. HP: 19/19 MP: 0/0
   425 | D:1      | Reached XP level 2. HP: 26/27 MP: 1/1
  1033 | D:2      | Reached XP level 3. HP: 33/33 MP: 2/2
  1111 | D:2      | Noticed a torpor snail
  1117 | D:2      | Found a snail-covered altar of Cheibriados.
  1118 | D:2      | Noticed a torpor snail
  1118 | D:2      | Noticed a torpor snail
  1124 | D:2      | Reached ** piety under Trog
  1457 | D:3      | Reached skill level 1 in Short Blades
  1475 | D:3      | Reached XP level 4. HP: 26/41 MP: 3/3
  1618 | D:3      | Noticed Ijyb
  1622 | D:3      | Paralysed by Ijyb for 2 turns
  1628 | D:3      | Paralysed by Ijyb for 4 turns
  1632 | D:3      | Killed Ijyb
  1818 | D:3      | Reached XP level 5. HP: 44/47 MP: 4/4
  2117 | D:3      | Noticed Grinder
  2134 | D:3      | Paralysed by Grinder for 2 turns
  2137 | D:3      | Killed Grinder
  2138 | D:3      | Reached skill level 5 in Fighting
  2138 | D:3      | Reached XP level 6. HP: 20/56 MP: 5/5
  2352 | D:3      | Noticed Natasha
  2359 | D:3      | Killed Natasha
  2644 | D:4      | Noticed Sigmund
  2658 | D:3      | Noticed Natasha
  2674 | D:3      | Killed Natasha
  2717 | D:4      | Killed Sigmund
  2718 | D:4      | Reached skill level 5 in Axes
  2718 | D:4      | Reached skill level 5 in Armour
  2718 | D:4      | Reached XP level 7. HP: 58/61 MP: 6/6
  3215 | D:4      | Found a blossoming altar of Fedhas.
  3721 | D:3      | HP: 3/61 [orc warrior/+2 antimagic hand axe (13)]
  3725 | D:3      | Killed from afar by an orc priest

Illustrated notes

Levels and vault maps discovered:
D:1:      sevenhm_arrival_forest_fort_small_5, layout_basic
D:2:      layout_loops_ring, cheibriados_altar_2
D:3:      layout_rooms, uniq_natasha, uniq_grinder, uniq_ijyb
D:4:      layout_cave_pods, fedhas_bush_and_centaur_altar, serial_shops,
          kennysheep_little_box, minmay_quantized, uniq_sigmund

Skill      XL: |  1  2  3  4  5  6 |
---------------+-------------------+-----
Axes           | 4 5 |  5.1
Fighting       | 4 5 |  5.6
Short Blades   | 1 2 3 4 |  4.2
Armour         | 3 4 5 |  5.0
Dodging        | 3 |  3.1
Stealth        | |  0.2

Action                   |  1- 3 |  4- 6 |  7- 9 || total
-------------------------+-------+-------+-------++-------
Melee: Hand axe          |    11 |    46 |    30 ||    87
       Short sword       |    59 |    39 |       ||    98
       Headbutt          |     9 |    14 |     6 ||    29
       Unarmed           |       |       |     9 ||     9
Invok: Trog's Hand       |       |     3 |     2 ||     5
       Berserk           |       |     1 |       ||     1
  Use: Scroll            |     2 |     2 |       ||     4
       Potion            |       |       |     1 ||     1
Armor: Animal skin       |     1 |       |       ||     1
       Chain mail        |    16 |     6 |       ||    22
       Ring mail         |       |    14 |     3 ||    17
       Skin              |       |       |     1 ||     1
Dodge: Dodged            |    27 |    36 |    29 ||    92
